[Event "Late-Titled-Tuesday-Blitz-February-06-2024"]
[Site "Chess.com"]
[Date "2024.02.06"]
[Round "7"]
[White "Onthequiet"]
[Black "SaqoChess_Twitch"]
[Result "0-1"]
[WhiteElo "2466"]
[BlackElo "2655"]
[TimeControl "180+1"]
[EndTime "15:13:05 PST"]
[Termination "SaqoChess_Twitch won by resignation"]

1. d4 d5 2. Nf3 e6 3. c4 Nf6 4. Nc3 Be7 5. Bf4 c5 6. cxd5 Na6 7. dxe6 Bxe6 8. e3 cxd4 9. Nxd4 O-O 10.
Nxe6 fxe6 11. Qxd8 Rfxd8 12. Bxa6 bxa6 13. O-O Nd5 14. Be5 Kf7 15. Rfd1 Nb4 16. Bc7 Rdc8 17. Ba5 Nc6 18. b4 Nxa5 0-1

[Event "Late-Titled-Tuesday-Blitz-February-06-2024"]
[Site "Chess.com"]
[Date "2024.02.06"]
[Round "7"]
[White "Lennis93"]
[Black "ChristopherYoo"]
[Result "1/2-1/2"]
[WhiteElo "2691"]
[BlackElo "2989"]
[TimeControl "180+1"]
[EndTime "15:13:33 PST"]
[Termination "Game drawn by repetition"]

1. Nf3 Nf6 2. d4 e6 3. Bf4 c5 4. e3 Qb6 5. Nc3 cxd4 6. exd4 Qxb2 7. Nb5 Nd5 8. Rb1 Qxa2 9. Bd2 Nc6 10. Ra1 Qb2 11. Rb1 Qa2 12. Ra1 Qb2 13. Rb1 Qa2 1/2-1/2

[Event "Late-Titled-Tuesday-Blitz-February-06-2024"]
[Site "Chess.com"]
[Date "2024.02.06"]
[Round "7"]
[White "karinachess1"]
[Black "spaski2004"]
[Result "1-0"]
[WhiteElo "2684"]
[BlackElo "2923"]
[TimeControl "180+1"]
[EndTime "15:13:36 PST"]
[Termination "karinachess1 won by resignation"]

1. d4 d6 2. Nf3 Bg4 3. c4 c6 4. e4 g6 5. Be2 Bg7 6. Nc3 c5 7. Be3 Nc6 8. dxc5 Bxf3 9. Bxf3 Bxc3+ 10. bxc3 Qa5 11. cxd6 Qxc3+ 12. Bd2 Qxc4 13. d7+ Kf8 14. Rc1 Qd3 15. Bh6+ 1-0

[Event "Late-Titled-Tuesday-Blitz-February-06-2024"]
[Site "Chess.com"]
[Date "2024.02.06"]
[Round "7"]
[White "GlavkonVVS"]
[Black "Attacker_2006"]
[Result "1/2-1/2"]
[WhiteElo "2620"]
[BlackElo "2495"]
[TimeControl "180+1"]
[EndTime "15:13:50 PST"]
[Termination "Game drawn by repetition"]

1. c4 e6 2. Nf3 Nf6 3. d4 d5 4. Nc3 Nbd7 5. Bg5 Bb4 6. e3 c5 7. cxd5 exd5 8. a3 Bxc3+ 9. bxc3 Qa5 10. Be2 Qxc3+ 11. Kf1 O-O 12. Rc1 Qxa3 13. dxc5 Ne4 14. Be7 Re8 15. Ra1 Qc3 16. Rc1 Qa3 17. Ra1 Qc3 18.
Rc1 Qa3 1/2-1/2

[Event "Late-Titled-Tuesday-Blitz-February-06-2024"]
[Site "Chess.com"]
[Date "2024.02.06"]
[Round "7"]
[White "Squirlolz"]
[Black "cukricek"]
[Result "0-1"]
[WhiteElo "2561"]
[BlackElo "2418"]
[TimeControl "180+1"]
[EndTime "15:13:58 PST"]
[Termination "cukricek won by resignation"]

1. e4 c5 2. Nf3 g6 3. h4 Nc6 4. h5 Bg7 5. Bb5 Nd4 6. Bc4 e6 7. c3 Nxf3+ 8. Qxf3 Ne7 9. h6 Be5 10. d4 cxd4 11. cxd4 Bxd4 12. Be3 Nc6 13. Nc3 Ne5 14. Qg3 Qb6 15. O-O-O Bxe3+ 16. fxe3 Nxc4 17. Rd4 Qxb2+ 18. Kd1 Qxc3 19. Rxc4 Qxc4 20. Qe5 Rg8 21. Qg7 Rxg7 22. hxg7 Qd3+ 23. Ke1 Qc3+ 24. Kf2 Qxg7 0-1

[Event "Late-Titled-Tuesday-Blitz-February-06-2024"]
[Site "Chess.com"]
[Date "2024.02.06"]
[Round "7"]
[White "TheoSlade"]
[Black "goldihouse"]
[Result "0-1"]
[WhiteElo "2463"]
[BlackElo "2608"]
[TimeControl "180+1"]
[EndTime "15:14:13 PST"]
[Termination "goldihouse won by checkmate"]

1. d4 Nf6 2. c4 e6 3. g3 c5 4. d5 exd5 5. cxd5 g6 6. Nc3 Bg7 7. Bg2 O-O 8. Nf3 d6 9. O-O Re8 10. Bf4 a6 11. a4 Nh5 12. Bg5 Qc7 13. Re1 h6 14. Bd2 Nd7 15. Qc1 Kh7 16. g4 Nhf6 17. g5 hxg5 18. Nxg5+ Kg8 19. e4 Ne5 20. Qc2 c4 21. f4 Nd3 22. Rf1 Ng4 23. Nf3 Qb6+ 24. Kh1 Ndf2+ 25. Kg1 Nh3+ 26. Kh1 Qg1+ 27. Nxg1 Nhf2+ 28.
Rxf2 Nxf2# 0-1

[Event "Late-Titled-Tuesday-Blitz-February-06-2024"]
[Site "Chess.com"]
[Date "2024.02.06"]
[Round "7"]
[White "giomar27"]
[Black "Mops_2004"]
[Result "0-1"]
[WhiteElo "2450"]
[BlackElo "2741"]
[TimeControl "180+1"]
[EndTime "15:14:15 PST"]
[Termination "Mops_2004 won by resignation"]

1. d4 g6 2. Nc3 Bg7 3. Bf4 d6 4. Qd2 Nc6 5. Nf3 Bg4 6. O-O-O Bxf3 7. exf3 Nxd4 8. Bc4 e6 9. Rhe1 Ne7 10. Bg5 h6 11. Bh4 Ndf5 12. Bg3 O-O 13. Bf4 e5 14. Be3 c6 15. g4 Nxe3 16. fxe3 d5 17. Bb3 b5 18. f4 a5 19. a4 b4 20. Ne2 Qd7 21. fxe5 Bxe5 22.
Nd4 Rad8 23. e4 g5 24. exd5 Bf4 25. Re3 Nxd5 26. Nf5 Nxe3 27. Qxd7 Nxd1+ 0-1

[Event "Late-Titled-Tuesday-Blitz-February-06-2024"]
[Site "Chess.com"]
[Date "2024.02.06"]
[Round "7"]
[White "colegiodemadrid"]
[Black "YurasovMat-2012"]
[Result "0-1"]
[WhiteElo "2511"]
[BlackElo "2687"]
[TimeControl "180+1"]
[EndTime "15:14:21 PST"]
[Termination "YurasovMat-2012 won by checkmate"]

1. d4 d5 2. Bf4 c5 3. c3 Nf6 4. e3 cxd4 5. exd4 Nc6 6. Nd2 Bf5 7.
Qb3 Na5 8. Qa4+ Bd7 9. Qc2 e6 10. Ngf3 Rc8 11. Ne5 Be7 12. Bd3 Nc6 13. Nxd7 Qxd7 14. Qb3 O-O 15. O-O Bd6 16. Bg5 Qe7 17.
h3 h6 18. Bh4 g5 19. Bg3 Nh5 20. Bxd6 Qxd6 21. Qd1 Nf4 22. Nf3 Rfe8 23. Qd2 e5 24.
dxe5 Nxe5 25. Nxe5 Rxe5 26. Bc2 d4 27. Rfe1 Qd5 28.
f3 dxc3 29. Qxd5 Rxd5 30. bxc3 Rd2 31. Bf5 Rxg2+ 32. Kh1 Rxc3 33. Rac1 Rxf3 34. Be4 Rxh3# 0-1

[Event "Late-Titled-Tuesday-Blitz-February-06-2024"]
[Site "Chess.com"]
[Date "2024.02.06"]
[Round "7"]
[White "Chessdude1987"]
[Black "Road2GM3000"]
[Result "1-0"]
[WhiteElo "2311"]
[BlackElo "2461"]
[TimeControl "180+1"]
[EndTime "15:14:27 PST"]
[Termination "Chessdude1987 won by resignation"]

1. e4 c5 2. Nf3 d6 3. Bc4 Nf6 4. d3 e6 5. O-O Be7 6. Bb3 O-O 7. Re1 Nc6 8. c3 b6 9. d4 cxd4 10. cxd4 d5 11. e5 Nd7 12. Nc3 f5 13. Nxd5 Bb7 14. Nxe7+ Qxe7 15. Ng5 Nd8 16. d5 exd5 17. Bxd5+ Bxd5 18. Qxd5+ Nf7 19. Nxf7 Qxf7 20. e6 Qe7 21. exd7+ Qf7 22.
Qxf7+ Kxf7 23. Bg5 h6 24. d8=Q Rfxd8 25. Bxd8 Rxd8 26.
Rad1 Rc8 27. h4 Rc2 28. Rd7+ Kf6 29. Rxa7 Rxb2 30. a4 Ra2 31. Ra6 Kg6 32. Rxb6+ Kh5 33. Rb4 g6 34. g3 Ra1 35. Rxa1 1-0

[Event "Late-Titled-Tuesday-Blitz-February-06-2024"]
[Site "Chess.com"]
[Date "2024.02.06"]
[Round "7"]
[White "thesupera12"]
[Black "IraZyne"]
[Result "1-0"]
[WhiteElo "2505"]
[BlackElo "2313"]
[TimeControl "180+1"]
[EndTime "15:14:29 PST"]
[Termination "thesupera12 won by resignation"]

1. e4 Nf6 2. e5 Nd5 3. Bc4 Nb6 4.
Bb3 c5 5. d3 d5 6. exd6 Qxd6 7.
Nf3 Nc6 8. O-O Bg4 9. h3 Bh5 10. Be3 e6 11. Nbd2 Nd4 12. Bxd4 cxd4 13. Re1 Be7 14. Ne4 Qd7 15. Ng3 Bg6 16. Ne5 Qc7 17.
Nxg6 hxg6 18. Bxe6 fxe6 19. Rxe6 O-O-O 20. Qg4 Kb8 21. Rxg6 Bf6 22. Ne4 Be5 23. Ng5 Rde8 24. Nf3 Bf6 25.
Nxd4 Nd5 26. Nb5 Qc6 27. c4 Ne7 28. Qg3+ Kc8 29. Nxa7+ 1-0

[Event "Late-Titled-Tuesday-Blitz-February-06-2024"]
[Site "Chess.com"]
[Date "2024.02.06"]
[Round "7"]
[White "rionelG"]
[Black "Canal_Showdrez"]
[Result "1-0"]
[WhiteElo "2241"]
[BlackElo "2038"]
[TimeControl "180+1"]
[EndTime "15:14:38 PST"]
[Termination "rionelG won by resignation"]

1. e4 c5 2. Nf3 Nc6 3. d4 cxd4 4. Nxd4 Nf6 5. Nc3 e5 6. Ndb5 d6 7. Nd5 Nxd5 8. exd5 Nb8 9. a4 Nd7 10. Be2 Be7 11. O-O O-O 12. Bd2 f5 13. f4 e4 14. a5 Nf6 15. Be3 a6 16. Bb6 Qd7 17. Nc7 Ng4 18. Nxa8 Ne3 19. Bxe3 Bf6 20. Nb6 Qf7 21.
Nxc8 Rxc8 22. c3 h6 23. Bd4 Be7 24. c4 g5 25. fxg5 hxg5 26. Bh5 Qh7 27. Ra3 f4 28. Rh3 Qf5 29. Bg4 Qg6 30. Be6+ 1-0

[Event "Late-Titled-Tuesday-Blitz-February-06-2024"]
[Site "Chess.com"]
[Date "2024.02.06"]
[Round "7"]
[White "ChadBiryani"]
[Black "Englishman_18"]
[Result "0-1"]
[WhiteElo "2446"]
[BlackElo "2335"]
[TimeControl "180+1"]
[EndTime "15:14:40 PST"]
[Termination "Englishman_18 won by checkmate"]

1. b3 Nf6 2. Bb2 g6 3. g4 Bg7 4. e3 d6 5. h3 e5 6. Bg2 O-O 7. Ne2 Nbd7 8. Ng3 c6 9. d3 Qc7 10. Nd2 Nd5 11. Qe2 Ne7 12. O-O-O a5 13. h4 a4 14. h5 axb3 15. axb3 Ra2 16. Kb1 Qa5 17. Nc4 Qa7 18. Nxd6 b5 19. hxg6 hxg6 20. Be4 Nc5 21. f3 b4 22. Qh2 Rd8 23. Bxe5 Ra1+ 24. Bxa1 Qxa1# 0-1

[Event "Late-Titled-Tuesday-Blitz-February-06-2024"]
[Site "Chess.com"]
[Date "2024.02.06"]
[Round "7"]
[White "Vicmary2005"]
[Black "Boninknights"]
[Result "0-1"]
[WhiteElo "2030"]
[BlackElo "2344"]
[TimeControl "180+1"]
[EndTime "15:14:51 PST"]
[Termination "Boninknights won by resignation"]

1. e4 e5 2. d4 Nc6 3. Nf3 exd4 4. Bc4 Nf6 5. e5 d5 6. Bb5 Ne4 7. Nxd4 Bd7 8. Bxc6 bxc6 9. O-O Bc5 10. f3 Ng5 11. f4 Bg4 12. Qxg4 Bxd4+ 13. Kh1 Ne4 14. Qxg7 Qh4 15. g3 Qh3 16. Nd2 O-O-O 17. c3 Rhg8 0-1

[Event "Late-Titled-Tuesday-Blitz-February-06-2024"]
[Site "Chess.com"]
[Date "2024.02.06"]
[Round "7"]
[White "Ze-Pequeno"]
[Black "Jamal-Jamal-Jamal"]
[Result "0-1"]
[WhiteElo "2121"]
[BlackElo "2353"]
[TimeControl "180+1"]
[EndTime "15:14:51 PST"]
[Termination "Jamal-Jamal-Jamal won by resignation"]

1. e4 c5 2. Nf3 Nc6 3. d4 cxd4 4. Nxd4 e5 5. Nb5 d6 6. N1c3 a6 7. Na3 Be7 8. Nd5 Nf6 9. Nxf6+ Bxf6 10. Be2 O-O 11. O-O b5 12. c3 Be6 13. Nc2 d5 14. exd5 Qxd5 15. Qxd5 Bxd5 16. Ne3 Be6 17. Bf3 Rac8 18.
Bd5 Rfe8 19. Bxe6 Rxe6 20. Rd1 Bg5 21. Kf1 Na5 22. Ke2 Ree8 23. Rd6 Bxe3 24. Bxe3 Nc4 25. Rxa6 Nxb2 26. Rb1 Nc4 27. Bc1 Rc5 28. Rb3 Rd8 29. Ra7 Rcd5 30. Rb7 Na5 0-1

[Event "Late-Titled-Tuesday-Blitz-February-06-2024"]
[Site "Chess.com"]
[Date "2024.02.06"]
[Round "7"]
[White "andrzej"]
[Black "koziororo"]
[Result "1-0"]
[WhiteElo "2467"]
[BlackElo "2610"]
[TimeControl "180+1"]
[EndTime "15:14:56 PST"]
[Termination "andrzej won by resignation"]

1. e4 e6 2. d4 d5 3. Nc3 Bb4 4. e5 c5 5. a3 Bxc3+ 6. bxc3 Ne7 7. Qg4 Qc7 8. Bd3 c4 9. Be2 Nf5 10. h4 h5 11. Qf4 g6 12. g4 hxg4 13. Qxg4 Nc6 14.
h5 gxh5 15. Rxh5 Rf8 16. Nf3 Bd7 17. Bg5 Nce7 18. Bxe7 Nxe7 19. Qh4 Ba4 20. Kd2 O-O-O 21. Rb1 Rg8 22. Qf6 Rdf8 23. Rh7 Be8 24. Ng5 Nf5 25.
Nxe6 fxe6 26. Rxc7+ Kxc7 27. Qxe6 Bf7 28. Qxf5 1-0

[Event "Late-Titled-Tuesday-Blitz-February-06-2024"]
[Site "Chess.com"]
[Date "2024.02.06"]
[Round "7"]
[White "romulocardoso"]
[Black "maurovargas01"]
[Result "1-0"]
[WhiteElo "2231"]
[BlackElo "1896"]
[TimeControl "180+1"]
[EndTime "15:15:00 PST"]
[Termination "romulocardoso won on time"]

1. e4 c5 2. Nf3 Nc6 3. d4 cxd4 4. Nxd4 g6 5. Nc3 Bg7 6. Be3 d6 7. Qd2 Nf6 8. f3 Bd7 9. O-O-O Rc8 10. g4 Ne5 11. Kb1 O-O 12. h4 h5 13. gxh5 Nxh5 14. Bh6 Rxc3 15. Bxg7 Kxg7 16. Qxc3 Qb6 17. Qb3 1-0

[Event "Late-Titled-Tuesday-Blitz-February-06-2024"]
[Site "Chess.com"]
[Date "2024.02.06"]
[Round "7"]
[White "chenxiaoyuer"]
[Black "Redzishchess"]
[Result "1-0"]
[WhiteElo "2763"]
[BlackElo "2535"]
[TimeControl "180+1"]
[EndTime "15:15:01 PST"]
[Termination "chenxiaoyuer won by resignation"]

1. e4 c5 2. Nf3 d6 3. d4 cxd4 4. Nxd4 Nf6 5. Nc3 g6 6. Be2 Bg7 7. O-O O-O 8. Bg5 Nc6 9. Nb3 h6 10. Bh4 Bd7 11. Kh1 Rc8 12. f4 a6 13. a4 Na5 14. e5 Nxb3 15. exf6 Bxf6 16. Bxf6 Nxa1 17. Bd4 Nxc2 18. Qxc2 Bf5 19. Qd2 e5 20. Be3 Qa5 21. fxe5 dxe5 22. Bxh6 Rfd8 23. Qg5 Qb6 24. Rxf5 Rxc3 25. bxc3 Qb1+ 26. Rf1 1-0

[Event "Late-Titled-Tuesday-Blitz-February-06-2024"]
[Site "Chess.com"]
[Date "2024.02.06"]
[Round "7"]
[White "AryanTari"]
[Black "alphienothere"]
[Result "1-0"]
[WhiteElo "2908"]
[BlackElo "2276"]
[TimeControl "180+1"]
[EndTime "15:15:01 PST"]
[Termination "AryanTari won by resignation"]

1. d4 Nf6 2. Bg5 c5 3. d5 Ne4 4. Bf4 d6 5. Nf3 g6 6. Nbd2 Nxd2 7. Qxd2 Bg7 8. c3 Nd7 9. Bh6 Bxh6 10. Qxh6 Qb6 11.
O-O-O Qa5 12. Qg7 Rf8 13. Ng5 b5 14. Nxh7 Qxa2 15. e4 Rb8 16. Bd3 b4 17. c4 b3 18.
Nxf8 Nxf8 19. Qc3 a5 20. Kd2 Qa4 21. Ra1 1-0

[Event "Late-Titled-Tuesday-Blitz-February-06-2024"]
[Site "Chess.com"]
[Date "2024.02.06"]
[Round "7"]
[White "pfalcon1949"]
[Black "viniciusrego"]
[Result "0-1"]
[WhiteElo "1971"]
[BlackElo "2431"]
[TimeControl "180+1"]
[EndTime "15:15:02 PST"]
[Termination "viniciusrego won by resignation"]

1. e4 c5 2. Nf3 Nc6 3. d4 cxd4 4. Nxd4 g6 5. c4 Nf6 6. Nc3 Nxd4 7. Qxd4 d6 8. Be2 Bg7 9. Be3 O-O 10. Qd2 Be6 11. b3 Nxe4 12. Nxe4 Bxa1 13. O-O Bg7 14. h4 a5 15. h5 a4 16. hxg6 hxg6 17. Ng5 Qa5 18. Qd1 Bf5 19. g4 Bd7 20. f4 axb3 21. axb3 Qc3 22.
Bf2 Ra1 23. Qd5 Rxf1+ 24. Bxf1 Qxb3 25. Bd3 Bc6 26. Qa5 Qxd3 0-1

[Event "Late-Titled-Tuesday-Blitz-February-06-2024"]
[Site "Chess.com"]
[Date "2024.02.06"]
[Round "7"]
[White "elchacal664"]
[Black "Iuckyducky"]
[Result "0-1"]
[WhiteElo "2390"]
[BlackElo "2276"]
[TimeControl "180+1"]
[EndTime "15:15:04 PST"]
[Termination "Iuckyducky won by resignation"]

1. e4 c5 2. Nf3 d6 3. d4 cxd4 4. Nxd4 Nf6 5. Nc3 a6 6. Bc4 Nbd7 7.
Bb3 g6 8. O-O Bg7 9. Re1 O-O 10.
Nd5 h5 11. Bg5 Ne5 12. h3 b5 13. f4 Nc4 14. Bxc4 bxc4 15. Nc6 Qd7 16. Ncxe7+ Kh8 17. Nxf6 Qxe7 18. Nxh5 Qa7+ 19. Kh2 gxh5 20. Qxh5+ Kg8 21.
Re3 Qxe3 22. f5 Qxe4 23. f6 Qe5+ 24. Kh1 Bxf6 0-1

[Event "Late-Titled-Tuesday-Blitz-February-06-2024"]
[Site "Chess.com"]
[Date "2024.02.06"]
[Round "7"]
[White "dedpihto_v_kozhanom_palto"]
[Black "el008"]
[Result "1-0"]
[WhiteElo "2702"]
[BlackElo "2538"]
[TimeControl "180+1"]
[EndTime "15:15:06 PST"]
[Termination "dedpihto_v_kozhanom_palto won by resignation"]

1. c4 b6 2. Nc3 Bb7 3. d4 e6 4.
a3 Nf6 5. d5 a5 6. e4 e5 7. Nf3 d6 8. Bd3 g6 9. O-O Na6 10. Bg5 h6 11. Bh4 g5 12. Bg3 h5 13.
h4 Nh7 14. Rb1 Be7 15. hxg5 Nxg5 16. Nxg5 Bxg5 17. f4 exf4 18. Bxf4 Bxf4 19. Rxf4 Qg5 20. Qf3 O-O-O 21. b4 axb4 22. axb4 Rdg8 23. c5 dxc5 24.
Bxa6 Bxa6 25. bxc5 bxc5 26. Na4 Qe5 27. Nxc5 Qd4+ 28. Qf2 Qxf2+ 29. Kxf2 Bc4 30. Rb4 Bxd5 31. exd5 Rg5 32. Ra4 c6 33. Rxf7 1-0

[Event "Late-Titled-Tuesday-Blitz-February-06-2024"]
[Site "Chess.com"]
[Date "2024.02.06"]
[Round "7"]
[White "bascheyaro"]
[Black "sotochess"]
[Result "1-0"]
[WhiteElo "2784"]
[BlackElo "2549"]
[TimeControl "180+1"]
[EndTime "15:15:07 PST"]
[Termination "bascheyaro won by resignation"]

1. d4 Nf6 2. Nf3 g6 3. Bf4 Bg7 4. h3 d6 5. e3 Nbd7 6. Be2 b6 7.
O-O Bb7 8. Nbd2 O-O 9. c3 a6 10. a4 Re8 11. Qb3 e6 12. a5 Bd5 13. c4 Bc6 14.
axb6 Nxb6 15. Rfc1 a5 16. Bg3 a4 17. Qc2 Rb8 18. c5 Bxf3 19. cxb6 Bxe2 20. bxc7 Qd7 21. cxb8=Q Rxb8 22. Qxa4 Bb5 23. Qa7 Rb7 24. Qa8+ Bf8 25. Rc8 Ne8 26. Ne4 Kg7 27. Rd8 Qc6 28. d5 Qxd5 29.
Nc3 Qc6 30. Nxb5 Qxb5 31. Rxe8 Qxb2 32. Rxf8 1-0

[Event "Late-Titled-Tuesday-Blitz-February-06-2024"]
[Site "Chess.com"]
[Date "2024.02.06"]
[Round "7"]
[White "prime-morty"]
[Black "Jarrahi2452"]
[Result "0-1"]
[WhiteElo "2590"]
[BlackElo "2800"]
[TimeControl "180+1"]
[EndTime "15:15:11 PST"]
[Termination "Jarrahi2452 won by resignation"]

1. c4 c6 2. Nc3 d5 3. e3 Nf6 4. Nf3 a6 5. b3 Bf5 6. Bb2 e6 7. Be2 h6 8. h3 Bd6 9. g4 Bg6 10. Rg1 Nbd7 11. h4 Ne5 12. Nxe5 Bxe5 13. d4 Bc7 14. h5 Bh7 15. g5 hxg5 16. Rxg5 Ne4 17.
Nxe4 Bxe4 18. Rxg7 Qh4 19. Bf3 Ba5+ 20. Kf1 Qh3+ 21.
Bg2 Bxg2+ 22. Rxg2 Rg8 0-1

[Event "Late-Titled-Tuesday-Blitz-February-06-2024"]
[Site "Chess.com"]
[Date "2024.02.06"]
[Round "7"]
[White "Orest_Vovk"]
[Black "sari07"]
[Result "1-0"]
[WhiteElo "2587"]
[BlackElo "2424"]
[TimeControl "180+1"]
[EndTime "15:15:21 PST"]
[Termination "Orest_Vovk won by resignation"]

1. h4 e5 2. h5 h6 3. Nc3 d5 4.
e4 d4 5. Nce2 c5 6. Ng3 Nc6 7.
Bc4 Nf6 8. d3 Na5 9. Bb5+ Bd7 10.
Bxd7+ Qxd7 11. Nf3 Nc6 12. Nf5 O-O-O 13. Bd2 g6 14. Ng3 Nxh5 15. Nxh5 gxh5 16. Rxh5 Qg4 17. Rh2 Be7 18. Nh4 Qxd1+ 19. Kxd1 Bxh4 20. Rxh4 Rdg8 21.
g3 Rg6 22. Ke2 Nb4 23. a3 Nc6 24. Rah1 Ne7 25. Rxh6 Rgxh6 26. Rxh6 Rxh6 27. Bxh6 f5 28. Bg5 1-0

[Event "Late-Titled-Tuesday-Blitz-February-06-2024"]
[Site "Chess.com"]
[Date "2024.02.06"]
[Round "7"]
[White "VitaliyChayka"]
[Black "Statham_01"]
[Result "1-0"]
[WhiteElo "2449"]
[BlackElo "2584"]
[TimeControl "180+1"]
[EndTime "15:15:23 PST"]
[Termination "VitaliyChayka won by resignation"]

1. d4 Nf6 2. Bf4 e6 3. e3 d5 4. c3 c5 5. Nd2 Nc6 6. Ngf3 Bd6 7. Bg3 O-O 8. Bd3 Re8 9. Ne5 Qc7 10. f4 Ne7 11.
Qf3 b6 12. Bf2 Bb7 13. g4 Bxe5 14. fxe5 Ne4 15. Nxe4 dxe4 16. Bxe4 Bxe4 17. Qxe4 a5 18. O-O Rad8 19. Bh4 b5 20. Rxf7 Kxf7 21. Qxh7 Rh8 22. Rf1+ Nf5 23. Rxf5+ exf5 24. e6+ Kxe6 25. Qxf5+ Kd6 26.
Bg3+ Kc6 27. Qxc5+ 1-0

[Event "Late-Titled-Tuesday-Blitz-February-06-2024"]
[Site "Chess.com"]
[Date "2024.02.06"]
[Round "7"]
[White "Durarbayli"]
[Black "Konavets"]
[Result "0-1"]
[WhiteElo "2914"]
[BlackElo "3120"]
[TimeControl "180+1"]
[EndTime "15:15:27 PST"]
[Termination "Konavets won by resignation"]

1. e4 e5 2. Nf3 Nc6 3. d4 exd4 4. Nxd4 Nf6 5. Nxc6 bxc6 6. e5 Qe7 7. Qe2 Nd5 8. h4 a5 9. c4 Ba6 10. Rh3 Nb6 11.
b3 a4 12. Ba3 c5 13. Nc3 Qe6 14. Ne4 axb3 15. axb3 Bb7 16. Ng5 Qf5 17. Qe3 Rxa3 18. Rxa3 Qb1+ 19. Kd2 Qb2+ 20. Kd1 Qxa3 21. Qf4 Qa1+ 22.
Kc2 Be7 23. Qxf7+ Kd8 24. Qxg7 Rf8 25. Nf7+ Kc8 26. Bd3 Qa2+ 27. Kc3 Qxf2 28. Nd6+ cxd6 29. Qxe7 Qe1+ 0-1

[Event "Late-Titled-Tuesday-Blitz-February-06-2024"]
[Site "Chess.com"]
[Date "2024.02.06"]
[Round "7"]
[White "JonasEilenberg"]
[Black "ChessFanNM"]
[Result "1-0"]
[WhiteElo "2509"]
[BlackElo "2317"]
[TimeControl "180+1"]
[EndTime "15:15:33 PST"]
[Termination "JonasEilenberg won by resignation"]

1. d4 d5 2. Nf3 Nf6 3. c3 c5 4. dxc5 e6 5. b4 b6 6. cxb6 Qxb6 7. e3 Bd6 8. Bb2 O-O 9. Nbd2 e5 10. a3 Bb7 11. c4 d4 12. c5 Bxc5 13. Nc4 Bxb4+ 14. axb4 Qxb4+ 15. Qd2 Qe7 16. Nfxe5 dxe3 17. Qxe3 Nd5 18. Qa3 Nb4 19. O-O-O N8c6 20. Qg3 f6 21. Rd7 Na2+ 22. Kb1 1-0

[Event "Late-Titled-Tuesday-Blitz-February-06-2024"]
[Site "Chess.com"]
[Date "2024.02.06"]
[Round "7"]
[White "nihalsarin"]
[Black "FairChess_on_YouTube"]
[Result "1-0"]
[WhiteElo "3120"]
[BlackElo "3048"]
[TimeControl "180+1"]
[EndTime "15:15:36 PST"]
[Termination "nihalsarin won by resignation"]

1. d4 Nf6 2. c4 e6 3. Nc3 Bb4 4. e3 O-O 5. Ne2 c6 6. a3 Ba5 7. b4 Bc7 8. e4 d5 9. e5 Nfd7 10.
h4 f6 11. Nf4 Nb6 12. h5 fxe5 13. Ng6 exd4 14. Nxf8 dxc3 15. Nxh7 Kxh7 16. Bd3+ Kg8 17. h6 dxc4 18. Qg4 Qf6 19. Bh7+ Kf7 20. Bg6+ Kg8 21. hxg7 Qxg7 22. Bh6 Qe5+ 23. Kf1 Nd5 24. Be8+ 1-0

[Event "Late-Titled-Tuesday-Blitz-February-06-2024"]
[Site "Chess.com"]
[Date "2024.02.06"]
[Round "7"]
[White "Bala-Afiada"]
[Black "pinguino120"]
[Result "0-1"]
[WhiteElo "2023"]
[BlackElo "2267"]
[TimeControl "180+1"]
[EndTime "15:15:37 PST"]
[Termination "pinguino120 won by resignation"]

1. d4 Nf6 2. c4 e6 3. g3 d5 4. Nf3 c6 5. Qc2 dxc4 6. Qxc4 Nbd7 7. Bg2 Be7 8. O-O O-O 9. Nbd2 c5 10. dxc5 Bxc5 11.
e4 Qe7 12. e5 Nd5 13. Ne4 Bb6 14. a3 Nc5 15. Nd6 Bd7 16. b4 Na4 17. Qg4 f5 18. exf6 Nxf6 19. Qf4 Ne8 20. Qc4 Nxd6 21. Qc2 Rac8 22.
Qe2 Bb5 0-1

[Event "Late-Titled-Tuesday-Blitz-February-06-2024"]
[Site "Chess.com"]
[Date "2024.02.06"]
[Round "7"]
[White "Vladimir_Zakhartsov"]
[Black "Beca95"]
[Result "1-0"]
[WhiteElo "2838"]
[BlackElo "2939"]
[TimeControl "180+1"]
[EndTime "15:15:38 PST"]
[Termination "Vladimir_Zakhartsov won by resignation"]

1. Nf3 d5 2. g3 Bg4 3. Bg2 e6 4. c4 c6 5. Qb3 Qb6 6. d3 Nd7 7.
Nc3 Ngf6 8. Be3 Bc5 9. Bxc5 Nxc5 10. Qc2 Bxf3 11. Bxf3 d4 12. Nb1 e5 13. Nd2 O-O 14. a3 a5 15. b3 Nfd7 16. O-O f5 17.
Rab1 Qc7 18. b4 axb4 19. axb4 Na4 20. c5 Nc3 21. Ra1 Nf6 22. Nc4 Rxa1 23. Rxa1 e4 24.
Bg2 Qe7 25. Nd6 Ng4 26. h3 Ne5 27. dxe4 f4 28. Nf5 fxg3 29. Nxe7+ 1-0

[Event "Late-Titled-Tuesday-Blitz-February-06-2024"]
[Site "Chess.com"]
[Date "2024.02.06"]
[Round "7"]
[White "akinov-akinseye"]
[Black "frequentblunders"]
[Result "1-0"]
[WhiteElo "1919"]
[BlackElo "2147"]
[TimeControl "180+1"]
[EndTime "15:15:45 PST"]
[Termination "akinov-akinseye won by checkmate"]

1. d4 e6 2. Nf3 c5 3. e3 Nf6 4.
Bd3 b6 5. O-O Bb7 6. Nbd2 Nc6 7.
c3 Be7 8. Re1 d5 9. e4 O-O 10.
e5 Nd7 11. h3 Rc8 12. Nf1 cxd4 13. cxd4 Nb4 14. Bb1 a5 15. a3 Nc6 16. Bd2 Ba6 17. Bc3 b5 18. Qd3 g6 19. a4 Qb6 20.
axb5 Bxb5 21. Qe3 Nb4 22. Qh6 f5 23. exf6 Rxf6 24. Ne3 Rcf8 25. Ng4 Rxf3 26. gxf3 Rxf3 27. Bxg6 hxg6 28. Qxg6+ Kf8 29. Rxe6 Qd8 30. Nh6 Nf6 31. Qf7# 1-0

[Event "Late-Titled-Tuesday-Blitz-February-06-2024"]
[Site "Chess.com"]
[Date "2024.02.06"]
[Round "7"]
[White "GMWSO"]
[Black "DanielNaroditsky"]
[Result "1/2-1/2"]
[WhiteElo "3100"]
[BlackElo "3207"]
[TimeControl "180+1"]
[EndTime "15:15:55 PST"]
[Termination "Game drawn by repetition"]

1. d4 Nf6 2. c4 g6 3. Nc3 Bg7 4. e4 d6 5. Nge2 O-O 6. Ng3 a6 7. Be3 Ng4 8. Bg5 h6 9. Bc1 c5 10. h3 cxd4 11. hxg4 dxc3 12. bxc3 Bxc3+ 13. Bd2 Qa5 14.
Be2 Bxd2+ 15. Qxd2 Qxd2+ 16. Kxd2 Kg7 17. f4 Nd7 18.
Rh4 Nc5 19. Rah1 Rh8 20. g5 h5 21. f5 Bd7 22. Ke3 b5 23. Bxh5 gxh5 24. Nxh5+ Kf8 25. Nf6 Rxh4 26. Rxh4 exf6 27. gxf6 Kg8 28. Rg4+ Kf8 29.
Rh4 Kg8 30. Rg4+ Kf8 31. Rh4 1/2-1/2

[Event "Late-Titled-Tuesday-Blitz-February-06-2024"]
[Site "Chess.com"]
[Date "2024.02.06"]
[Round "7"]
[White "ferdipy"]
[Black "Viktor_Poddubnyi"]
[Result "1-0"]
[WhiteElo "2408"]
[BlackElo "2264"]
[TimeControl "180+1"]
[EndTime "15:15:56 PST"]
[Termination "ferdipy won on time"]

1. e4 g6 2. d4 Bg7 3. Nc3 d6 4. Be3 a6 5. f3 b5 6. a3 Bb7 7.
Qd2 Nd7 8. Nh3 c5 9. Nf2 Ngf6 10.
d5 O-O 11. Bh6 Ne5 12. h4 e6 13. h5 b4 14. axb4 cxb4 15. Ne2 exd5 16. Bxg7 Kxg7 17. hxg6 fxg6 18. Qh6+ Kg8 19. f4 Nf7 20. Qh3 dxe4 21. Ng4 Nh5 22. Ng3 Qe7 23. Nxh5 gxh5 24. Qxh5 Nd8 25.
Bc4+ d5 26. Bxd5+ Bxd5 27. Qxd5+ Nf7 28. Nh6+ Kg7 29. Nf5+ 1-0